 Dungeon Crawl Stone Soup version 0.17.0-22-g5edae84 (console) character file.

23706 Kloppie the Fighter (level 13, -1/111 HPs)
             Began as a Formicid Fighter on Nov 13, 2015.
             Was a Priest of the Shining One.
             Slain by a hippogriff (2 damage)
             ... on level 3 of the Lair of Beasts.
             The game lasted 00:32:25 (14191 turns).

Kloppie the Fighter (Formicid Fighter)             Turns: 14191, Time: 00:32:25

Health: -1/111     AC: 14    Str: 33    XL:     13   Next: 37%
Magic:  18/18      EV:  9    Int: 17    God:    the Shining One [***...]
Gold:   717        SH: 12    Dex: 10    Spells: 0 memorised, 12 levels left

rFire  + . .     SeeInvis +     Q - +10 lajatang {distort, *Rage Str+6 Int+8}
rCold  . . .     Clarity  +     F - +1 chain mail of the Ban {*Contam +Fly rF+ Str+4} (curse)
rNeg   + + .     SustAt   .     c - +0 shield
rPois  .         Gourm    .     (helmet unavailable)
rElec  .         Spirit   .     (no cloak)
rCorr  .         Warding  .     (no gloves)
rMut   .         Stasis   +     m - +0 pair of boots {Fly}
MR     ++...                    i - amulet of clarity
Stlth  ..........               v - ring of positive energy
                                N - ring of protection from magic

@: lethally poisoned (-1 -> -19), glowing, very resistant to hostile
enchantments, extremely unstealthy
A: permanent stasis, dig shafts and tunnels, four strong arms, antennae 3,
clumsy 1
a: Dig, Shaft Self, Divine Shield, Renounce Religion, Evoke Flight


You were on level 3 of the Lair of Beasts.
You worshipped the Shining One.
The Shining One was most pleased with you.
You were not hungry.

You visited 3 branches of the dungeon, and saw 13 of its levels.
You also visited: Labyrinth, Sewer and Ossuary.

You collected 717 gold pieces.

Inventory:

Hand Weapons
 a - a +3 battleaxe of flaming
 w - a +0 war axe of venom
 Q - the +10 lajatang "Xyihumyl" (weapon) {distort, *Rage Str+6 Int+8}
   (You found it in a labyrinth)

   It warps and distorts space around it.
   Unwielding it can cause banishment or high damage.
   It affects your strength (+6).
   It affects your intelligence (+8).
   It may make you go berserk in combat.
Missiles
 D - 5 javelins (quivered)
Armour
 c - a +0 shield (worn)
 m - a +0 pair of boots of flying (worn)
 F - the cursed +1 chain mail of the Ban (worn) {*Contam +Fly rF+ Str+4}
   (You took it off a minotaur in a labyrinth)

   It affects your strength (+4).
   It protects you from fire.
   It lets you fly.
   It causes magical contamination when unequipped.
   It has a curse placed upon it.
Jewellery
 i - an amulet of clarity (around neck)
 v - a ring of positive energy (right hand)
 z - the amulet "Voibuil" {Spirit +Fly MR+ Int-3}
   (You found it on level 4 of the Dungeon)

   [amulet of guardian spirit]

   It causes incoming damage to be split between your health and magic.
   It affects your intelligence (-3).
   It affects your resistance to hostile enchantments.
   It lets you fly.
 N - a ring of protection from magic (left hand)
Wands
 l - a wand of fire (5)
 t - a wand of slowing (4)
 x - a wand of paralysis (20)
 E - a wand of digging (13)
 L - a wand of flame (12)
Scrolls
 f - 2 scrolls of fog
 g - 3 scrolls of remove curse
 k - 2 scrolls of immolation
 n - a scroll of enchant weapon
 q - 3 scrolls of recharging
 y - 2 scrolls of amnesia
 I - 5 scrolls of magic mapping
Potions
 d - 2 potions of might
 h - 2 potions of cancellation
 j - 2 potions of lignification
 p - 4 potions of brilliance
 r - a potion of beneficial mutation {unknown}
 s - 6 potions of curing
 u - 2 potions of flight
 B - a potion of resistance {unknown}
 C - a potion of mutation
 G - a potion of degeneration {unknown}
 H - 2 potions of magic {unknown}
 M - a potion of poison {unknown}
 O - a potion of ambrosia {unknown}
Books
 o - a book of the Warp

   Spells                             Type                      Level
   a - Recall                         Summoning/Translocation      3
   b - Gell's Gravitas                Hexes/Translocation          3
   c - Force Lance                    Conjuration/Translocation    4
   d - Phase Shift                    Translocation                5
   e - Warp Weapon                    Charms/Translocation         5
   f - Summon Forest                  Summoning/Translocation      5
 A - Sif Muna's Compendium of Enchantment and the Glacier
   (You found it on level 3 of the Lair of Beasts)

   Spells                             Type                      Level
   a - Freeze                         Ice                          1
   b - Slow                           Hexes                        2
   c - Gell's Gravitas                Hexes/Translocation          3
   d - Bolt of Cold                   Conjuration/Ice              6
   e - Discord                        Hexes                        8
 K - a book of Envenomations

   Spells                             Type                      Level
   a - Spider Form                    Transmutation/Poison         3
   b - Alistair's Intoxication        Transmutation/Poison         4
   c - Olgreb's Toxic Radiance        Poison                       4
   d - Poisonous Cloud                Conjuration/Poison/Air       6
   The Shining One disapproves of the use of such an item.
 P - a book of Necromancy

   Spells                             Type                      Level
   a - Pain                           Necromancy                   1
   b - Animate Skeleton               Necromancy                   1
   c - Vampiric Draining              Necromancy                   3
   d - Regeneration                   Charms/Necromancy            3
   e - Animate Dead                   Necromancy                   4
   f - Control Undead                 Necromancy                   4
   The Shining One disapproves of the use of such an item.
Miscellaneous
 R - a disc of storms
Comestibles
 e - 11 bread rations
 J - 2 royal jellies


   Skills:
 + Level 13.5 Fighting
 - Level 12.4 Axes
 + Level 10.8 Armour
 + Level 7.9 Shields
 - Level 7.4 Invocations


You had 12 spell levels left.
You didn't know any spells.

Dungeon Overview and Level Annotations

Branches:
Dungeon (8/15)             Temple (1/1) D:5            Lair (4/8) D:8
 Spider (0/4) Lair:4
  Swamp: Lair:3-6    Shoals: Lair:3-6

Altars:
Ashenzari
Cheibriados
Dithmenos
Elyvilon
Fedhas
Gozag
Kikubaaqudgha
Makhleb
Nemelex Xobeh
Okawaru
Qazlal
Ru
Sif Muna
Trog
Vehumet
Xom
Yredelemnul
The Shining One


Innate Abilities, Weirdness & Mutations

You are under a permanent stasis effect.
You can dig through walls and to a lower floor.
Your four strong arms can wield two-handed weapons with a shield.
You have a pair of large antennae on your head (SInv).
You are clumsy. (Dex -2)


Message History

The spiny frog closely misses you.
You barely miss the hippogriff.
You feel sick. You block the hippogriff's attack. The hippogriff pecks you.
* * * LOW HITPOINT WARNING * * *
The hippogriff claws you.
* * * LOW HITPOINT WARNING * * *
The spiny frog stings you.
* * * LOW HITPOINT WARNING * * *
You are lethally poisoned!
The spiny frog poisons you! The hippogriff closely misses you.
You block the hippogriff's attack.
The hippogriff claws you but does no damage.
The spiny frog stings you!
* * * LOW HITPOINT WARNING * * *
You slash the hippogriff!
Space bends around the hippogriff.
The hippogriff is heavily wounded.
* * * LOW HITPOINT WARNING * * *
You feel very sick. You block the spiny frog's attack.
The hippogriff bites you.
You die...

..........................#
P....#...........P.#.###..##
#PP.........P##............#
###.......[###....[..÷.....#
#....#.............####...###
##................####.......#
.........#.......#.##..###.<.#
......#.#.....P.........##...#
..........#.....@H......##..##
...#...#..#..##F#.##........#
......#..##......##....#....#
...#.###.##..+.⌠..##...#....#
..#..#......##.....#..#....##
............####....###...##
##.............#.#....!....#
#P......#.......#....⌠.....#
#..............###.......###


You could see a hippogriff and a spiny frog.

Vanquished Creatures
  Rupert (Lair:3)
  Gastronok (Lair:2)
  A minotaur (Lab)
  4 hydras
  A death yak (D:8)
  Urug (Lair:4)
  A hill giant (D:7)
  8 elephants
  2 black mambas (Lair:3)
  A spiny frog (Lair:3)
  2 komodo dragons
  Grinder (D:5)
  7 blink frogs
  A wraith (D:7)
  6 hippogriffs
  7 yaks
  A wyvern (D:8)
  A basilisk (Lair:3)
  The ghost of Avanven the Charmwright, an amateur MfSk (D:4)
  5 wolves (Lair:1)
  5 porcupines
  4 ice beasts
  10 water moccasins
  A sky beast (D:5)
  2 black bears
  3 necrophages
  3 centaurs
  2 ogres
  2 phantoms
  2 big kobolds
  Blork the orc (D:5)
  3 crocodiles
  19 giant frogs
  4 scorpions
  A wight (D:7)
  2 centaur zombies (Ossuary)
  2 giant frog zombies
  A crimson imp (D:5)
  The ghost of OmG the Magician, a weakling DEWz of Sif Muna (D:3)
  An iguana (Lair:2)
  A jelly (D:6)
  An orc priest (D:6)
  3 hounds
  6 human zombies
  Ijyb (D:3)
  Terence (D:3)
  A quasit (D:6)
  4 hell rats
  7 worker ants
  An orc wizard (D:6)
  A sheep (D:8)
  A big kobold zombie (Ossuary)
  2 hound skeletons
  5 mummies
  A worker ant zombie (D:5)
  31 river rats
  8 adders
  An adder skeleton (D:2)
  3 adder zombies
  A worm (D:2)
  6 giant geckos
  20 orcs
  10 goblins
  8 hobgoblins
  A quokka (D:5)
  5 ball pythons
  7 bats
  4 giant cockroaches
  2 giant cockroach zombies
  A giant gecko skeleton (D:4)
  11 giant newts
  A goblin zombie (Ossuary)
  15 hobgoblin zombies (Ossuary)
  17 jackals
  A jackal zombie (D:5)
  21 kobolds
  8 kobold zombies (Ossuary)
  An orc skeleton (D:7)
  7 orc zombies (Ossuary)
  2 quokka skeletons
  29 rats
  A rat zombie (Ossuary)
  2 fungi
  8 plants
390 creatures vanquished.

Vanquished Creatures (others)
  A quokka (D:5)
  2 fungi
  2 plants
5 creatures vanquished.

Grand Total: 395 creatures vanquished

Notes
Turn   | Place    | Note
--------------------------------------------------------------
     0 | D:1      | Kloppie the Formicid Fighter began the quest for the Orb.
     0 | D:1      | Reached XP level 1. HP: 18/18 MP: 1/1
   239 | D:1      | Reached XP level 2. HP: 24/24 MP: 2/2
   964 | D:1      | Reached XP level 3. HP: 28/30 MP: 3/3
  1016 | D:2      | Reached skill level 4 in Fighting
  1713 | D:2      | Reached XP level 4. HP: 37/37 MP: 4/4
  2348 | D:3      | Noticed OmG's ghost (weakling DEWz)
  2353 | D:3      | Killed OmG's ghost
  2353 | D:3      | Reached XP level 5. HP: 26/43 MP: 5/5
  2409 | D:3      | Found a deep blue altar of Sif Muna.
  2664 | D:3      | Noticed Ijyb
  2684 | D:3      | Killed Ijyb
  2684 | D:3      | Reached skill level 5 in Fighting
  2684 | D:3      | Reached XP level 6. HP: 33/51 MP: 6/6
  2871 | D:3      | Noticed Terence
  2872 | D:3      | Noticed an ice beast
  2878 | D:3      | Killed Terence
  2891 | D:3      | Killed an ice beast
  2891 | D:3      | Reached skill level 5 in Armour
  3088 | D:3      | Found a shimmering altar of Xom.
  3288 | D:4      | Reached XP level 7. HP: 48/56 MP: 7/7
  3438 | D:4      | Got a coiled brass amulet
  3503 | D:4      | Found a sand-covered staircase.
  3512 | Ossuary  | Entered an ossuary
  3863 | Ossuary  | Reached skill level 6 in Fighting
  3882 | Ossuary  | Identified the amulet "Voibuil" {Spirit +Fly MR+ Int-3} (You found it on level 4 of the Dungeon)
  3944 | D:4      | Noticed Avanven's ghost (amateur MfSk)
  3948 | D:4      | Killed Avanven's ghost
  3948 | D:4      | Reached skill level 5 in Axes
  3948 | D:4      | Reached XP level 8. HP: 45/65 MP: 5/8
  4051 | D:5      | Entered Level 5 of the Dungeon
  4195 | D:5      | Noticed Grinder
  4210 | D:5      | Killed Grinder
  4219 | D:5      | Found a white marble altar of Elyvilon.
  4333 | D:5      | Noticed Blork the orc
  4337 | D:5      | Killed Blork the orc
  4393 | D:5      | Found a staircase to the Ecumenical Temple.
  4404 | D:5      | Reached skill level 7 in Fighting
  4408 | Temple   | Entered the Ecumenical Temple
  4697 | Temple   | Became a worshipper of the Shining One
  4957 | D:5      | Found a deep blue altar of Sif Muna.
  5354 | D:6      | Reached XP level 9. HP: 67/72 MP: 7/9
  5716 | D:6      | Found a glowing drain.
  5720 | Sewer    | Entered a sewer
  5839 | Sewer    | Reached skill level 8 in Fighting
  6577 | D:6      | Found an ancient bone altar of Kikubaaqudgha.
  6661 | D:6      | Reached * piety under the Shining One
  7380 | D:7      | Reached skill level 9 in Fighting
  7380 | D:7      | Reached XP level 10. HP: 75/83 MP: 8/10
  7690 | D:7      | Found a basalt altar of Yredelemnul.
  7708 | D:7      | Reached ** piety under the Shining One
  7789 | D:7      | Noticed a hill giant
  7797 | D:7      | Killed a hill giant
  7965 | D:8      | Found a stormy altar of Qazlal.
  8211 | D:8      | Reached skill level 10 in Fighting
  8211 | D:8      | Reached skill level 10 in Armour
  8465 | D:8      | Noticed a death yak
  8474 | D:8      | Killed a death yak
  8484 | D:8      | Reached XP level 11. HP: 48/92 MP: 7/11
  8500 | D:8      | Found a staircase to the Lair.
  8882 | Lair:1   | Entered Level 1 of the Lair of Beasts
  8922 | Lair:1   | Gained mutation: You can breathe flames. [potion of mutation]
  8922 | Lair:1   | Gained mutation: You are clumsy. (Dex -2) [potion of mutation]
  8922 | Lair:1   | Gained mutation: You are dopey. (Int -2) [potion of mutation]
  8923 | Lair:1   | Lost mutation: You can breathe flames. [potion of cure mutation]
  8923 | Lair:1   | Lost mutation: You are dopey. (Int -2) [potion of cure mutation]
  8932 | Lair:1   | Reached *** piety under the Shining One
  9049 | Lair:1   | Reached skill level 1 in Invocations
  9240 | Lair:1   | Reached skill level 11 in Fighting
  9247 | Lair:1   | Reached skill level 10 in Axes
  9606 | Lair:1   | Noticed a seven-headed hydra
  9614 | Lair:1   | Killed a one-headed hydra
 10031 | Lair:1   | Reached skill level 5 in Invocations
 10145 | Lair:1   | Noticed a four-headed hydra
 10153 | Lair:1   | Killed a one-headed hydra
 10859 | Lair:2   | Noticed a six-headed hydra
 10880 | Lair:2   | Reached XP level 12. HP: 89/101 MP: 16/16
 10888 | Lair:2   | Noticed Gastronok
 10892 | Lair:2   | Killed a two-headed hydra
 11165 | Lair:2   | Killed Gastronok
 11165 | Lair:2   | Reached skill level 12 in Fighting
 12366 | Lair:3   | Reached skill level 5 in Shields
 12645 | Lair:3   | Identified Sif Muna's Compendium of Enchantment and the Glacier
 12986 | Lair:3   | Noticed Rupert
 13000 | Lair:3   | Killed Rupert
 13000 | Lair:3   | Reached skill level 13 in Fighting
 13000 | Lair:3   | Reached XP level 13. HP: 42/111 MP: 15/18
 13738 | Lair:4   | Found a labyrinth entrance.
 13745 | Lab      | Entered a labyrinth
 13800 | Lab      | Found an exit through the horrors of the Abyss.
 13955 | Lab      | Noticed a minotaur
 13965 | Lab      | Killed a minotaur
 13967 | Lab      | Got a transparent chain mail
 13979 | Lab      | Got a bloodstained lajatang
 13992 | Lab      | Identified the cursed +1 chain mail of the Ban {*Contam +Fly rF+ Str+4} (You took it off a minotaur in a labyrinth)
 13993 | Lab      | Identified the +10 lajatang "Xyihumyl" {distort, *Rage Str+6 Int+8} (You found it in a labyrinth)
 14071 | Lair:4   | Noticed Urug
 14102 | Lair:4   | Killed Urug
 14190 | Lair:3   | HP: 4/111 [spiny frog (8)]
 14191 | Lair:3   | HP: 1/111 [poisoned by a spiny frog]
 14191 | Lair:3   | Slain by a hippogriff

Action                   |  1- 3 |  4- 6 |  7- 9 | 10-12 | 13-15 || total
-------------------------+-------+-------+-------+-------+-------++-------
Melee: War axe           |   125 |   145 |   146 |       |       ||   416
       Battleaxe         |       |       |   294 |   304 |    43 ||   641
       Lajatang          |       |       |       |       |    41 ||    41
Throw: Javelin           |       |       |     6 |     7 |       ||    13
Invok: Divine Shield     |       |       |       |     2 |     1 ||     3
 Abil: Stop Flying       |       |       |       |     1 |       ||     1
       Dig               |       |       |       |       |     1 ||     1
Evoke: Wand              |       |       |     1 |     3 |       ||     4
  Use: Scroll            |       |       |    13 |    12 |     2 ||    27
       Potion            |       |       |     2 |     3 |     1 ||     6
  Eat: Chunk             |     2 |     6 |     9 |    17 |     3 ||    37
       Meat ration       |       |       |     1 |       |       ||     1
       Beef jerky        |       |       |       |     1 |     1 ||     2
